cohdb
Replays
Latest Replays
All Replays
Popular Replays
Top Player Replays
Match Explorer
How It Works
Community
CoH3 Stats
Reddit
Sign in to upload your games and track your stats! →
Sign in with Steam
Match 40222681
Unlisted
Match 40222681
Overview
Messages
Build Orders
End
Construct Barracks
Selects Heavy Weapons
Riflemen Squad
Riflemen Squad
Riflemen Squad
Construct Medical Station
Grenade Package
Selects Assault Carriers
Construct Weapon Support Center
Bazooka Squad
Infantry Support Center
Selects Exchangeable Parts
M3 Assault Carrier
M1919 Machine Gun Team
Construct Motor Pool
Engineer Squad
M24 Chaffee Light Tank
Selects M2HB .50cal Heavy Machine Gun
Selects Rapid Reposition
M24 Chaffee Light Tank
M24 Chaffee Light Tank
3HappyDolphin
deadsadbadmad
0
0
Comments
sign in to comment!
No comments posted yet!